 Dungeon Crawl Stone Soup version 0.28.0-47-ge53b351184 (webtiles) character file.

Game seed: 12284712879798465047

928 Gabide the Grave Robber (level 7, -1/53 HPs)
             Began as a Mummy Necromancer on May 6, 2022.
             Slain by an ogre
             ... wielding a +0 giant spiked club
              (31 damage)
             ... on level 5 of the Dungeon.
             The game lasted 00:08:46 (5094 turns).

Gabide the Grave Robber (Mummy Necromancer)         Turns: 5094, Time: 00:08:47

Health: -1/53      AC:  8    Str: 11    XL:     7   Next: 85%
Magic:  9/15       EV: 12    Int: 17    God:
Gold:   127        SH:  5    Dex: 12    Spells: 9/17 levels left

rFire   x . .      SeeInvis .   b - +4 dagger (spect)
rCold   + + .      Faith    .   (no shield)
rNeg    + + +      Spirit   .   a - +2 leather armour {rC+}
rPois   ∞          Reflect  +   (no helmet)
rElec   .          Harm     .   (no cloak)
rCorr   .          Rampage  .   (no gloves)
Will    .....                   f - +2 pair of boots
Stlth   +.........              h - amulet of reflection
HPRegen 0.17/turn               (no ring)
MPRegen 0.14/turn               (no ring)

@: no status effects
A: cold resistance 1, negative energy resistance 3, torment resistance 2, heat
vulnerability 1, no potions
a: no special abilities


You were on level 5 of the Dungeon.
You visited 1 branch of the dungeon, and saw 5 of its levels.

You collected 127 gold pieces.

Inventory:

Hand Weapons
 b - a +4 spectral dagger (weapon)
Armour
 a - a +2 leather armour of cold resistance (worn)
 f - a +2 pair of boots (worn)
Jewellery
 h - an amulet of reflection (around neck)
Scrolls
 c - a scroll of summoning {unknown}
 d - a scroll of immolation
 e - a scroll of teleportation
 g - a scroll of enchant weapon {unknown}
 i - 2 scrolls of amnesia
 j - a scroll of fog {unknown}
 k - a scroll of fear {unknown}


   Skills:
 * Level 3.8 Fighting
 + Level 1.4 Short Blades
 - Level 2.0 Armour
 * Level 3.7 Dodging
 - Level 1.5 Stealth
 * Level 5.6 Spellcasting
 * Level 5.7 Necromancy


You had 9 spell levels left.
You knew the following spells:

 Your Spells              Type           Power      Damage    Failure   Level
a - Pain                  Necr           96%        1d8       1%          1
b - Vampiric Draining     Necr           24%        2d7       4%          3
c - Animate Dead          Necr           12%        N/A       17%         4

Your spell library contained the following spells:

 Spells                   Type           Power      Damage    Failure   Level
 Animate Skeleton         Necr           48%        N/A       1%          1
 Agony                    Necr           24%        N/A       43%         5


Dungeon Overview and Level Annotations

Branches:
Dungeon (5/15)
 Temple: D:4-7

Altars:
Ashenzari


Innate Abilities, Weirdness & Mutations

You are immune to poison.
Your flesh is cold resistant. (rC+)
You are immune to negative energy. (rN+++)
You are immune to unholy pain and torment.
You are vulnerable to heat. (rF-)
You do not drink.


Message History

The centaur zombie partially resists.
The iceblast engulfs you! You partially resist.
The iceblast engulfs the orc.
The iceblast engulfs your +4 spectral dagger!
Your +4 spectral dagger partially resists.
Your spectral weapon shares its damage with you!
You hear a howl!
You hit the centaur zombie but do no damage.
The centaur zombie is severely damaged.
Your +4 spectral dagger hits the centaur zombie.
The centaur zombie misses you.
The centaur zombie kicks you but does no damage.
You hit the centaur zombie.
The centaur zombie is almost destroyed.
Your +4 spectral dagger hits the centaur zombie!
You destroy the centaur zombie!
You hear a shout!
Training target 2.0 for Armour reached!
Your Armour skill increases to level 2!
The orc writhes in agony.
You kill the orc!
An ogre comes into view. It is wielding a +0 giant spiked club.
A howler monkey comes into view.
The howler monkey howls!
The howler monkey writhes in agony.
The howler monkey barely resists.
The howler monkey barely resists.
The howler monkey hoots and howls with incredible vigour!
The howler monkey writhes in agony!
The howler monkey hoots and howls with incredible vigour!
The howler monkey writhes in agony.
The howler monkey barely resists.
The howler monkey hits you.
You puncture the howler monkey!
You kill the howler monkey!
The ogre hits you with a +0 giant spiked club!
You puncture the ogre! You punch the ogre, but do no damage.
The ogre is moderately wounded.
Your +4 spectral dagger hits the ogre!
The ogre hits you with a +0 giant spiked club!!
Ouch! That really hurt!
You die...

O# #. .# #.
.... ## .#.
####. ).
#.... .#
#.#>..O##†#
......(@..#
.#.[###...#
#.###
.#.#####
.#...#.+
#..##...#
##.##.### +#
#.##.###..#.
#.##.#......


You could see an ogre and a friendly +4 spectral dagger (summoned).

Vanquished Creatures
  2 black bears
  A necrophage (D:3)
  A scorpion (D:4)
  3 howler monkeys
  A centaur zombie (D:5)
  2 hounds
  An orc priest (D:5)
  Jessica (D:2)
  4 iguanas
  An orc wizard (D:5)
  A scorpion zombie (D:5)
  2 hound skeletons (D:4)
  4 gnolls (D:4)
  4 adders
  2 worms
  3 dart slugs
  6 orcs
  10 ball pythons
  6 endoplasms
  4 giant cockroaches
  8 goblins
  7 hobgoblins
  2 jackals (D:3)
  4 kobolds
  7 quokkas
  6 bats
  A frilled lizard (D:2)
  7 rats
101 creatures vanquished.

Notes
Turn   | Place    | Note
-------+----------+-------------------------------------------
     0 | D:1      | Gabide the Mummy Necromancer began the quest for the Orb.
     0 | D:1      | Reached XP level 1. HP: 13/13 MP: 4/4
   420 | D:1      | Reached XP level 2. HP: 20/20 MP: 3/5
   800 | D:1      | Reached skill level 1 in Fighting
  1182 | D:1      | Reached XP level 3. HP: 26/26 MP: 5/7
  2116 | D:2      | Identified the +1 leather armour of Ruippini {rC+}
  2249 | D:2      | Noticed Jessica
  2253 | D:2      | Killed Jessica
  2254 | D:2      | Reached XP level 4. HP: 32/32 MP: 5/9
  2356 | D:2      | Found a faded altar of an unknown god.
  2681 | D:3      | Learned a level 3 spell: Vampiric Draining
  3036 | D:3      | Reached XP level 5. HP: 38/38 MP: 4/10
  3255 | D:3      | Noticed a necrophage
  3269 | D:3      | Killed a necrophage
  3270 | D:3      | Reached skill level 1 in Armour
  3839 | D:4      | Reached XP level 6. HP: 42/46 MP: 7/12
  3903 | D:4      | Learned a level 4 spell: Animate Dead
  3913 | D:4      | Found a broken altar of Ashenzari.
  3949 | D:4      | Reached skill level 5 in Necromancy
  4355 | D:4      | Reached skill level 5 in Spellcasting
  4355 | D:4      | Reached XP level 7. HP: 41/52 MP: 11/14
  4375 | D:4      | Reached skill level 1 in Short Blades
  4932 | D:5      | Entered Level 5 of the Dungeon
  5094 | D:5      | Slain by an ogre

Illustrated notes

Levels and vault maps discovered:
D:1:      dpeg_arrival_arbitrary_a, layout_loops_cross
D:2:      layout_basic, hellmonk_ecumenical_altar_heavens_door, uniq_jessica
D:3:      layout_loops_ring
D:4:      minmay_opposing_rooms, layout_basic, cheibrodos_ashenzari_chains,
          minmay_crystal_water
D:5:      layout_rooms, kennysheep_cross_room, hangedman_abyss_or_decor_passed,
          minmay_liquid_box

Skill      XL: |  1  2  3  4  5  6  7 |
---------------+----------------------+-----
Spellcasting   | 3 4 5 |  5.6
Fighting       | 1 2 3 |  3.8
Dodging        | 2 3 |  3.7
Armour         | 1 2 |  2.0
Necromancy     | 5 |  5.7
Short Blades   | 1 |  1.4
Stealth        | |  1.5

Action                   |  1- 3 |  4- 6 |  7- 9 || total
-------------------------+-------+-------+-------++-------
Melee: Unarmed           |     6 |       |       ||     6
       Dagger            |    22 |    54 |    46 ||   122
       Punch             |       |       |     5 ||     5
 Cast: Pain              |    81 |    77 |    28 ||   186
       Vampiric Draining |       |     2 |     4 ||     6
  Use: Scroll            |       |     5 |       ||     5
 Stab: Distracted        |       |       |     2 ||     2
Armor: Robe              |     8 |       |       ||     8
       Leather armour    |       |    23 |     5 ||    28
Dodge: Dodged            |    17 |    30 |    24 ||    71
Block: Other             |       |     8 |     4 ||    12
